AoeStats
← sesquipedalia

Arena

508158980Analyzed
4v4 RM · 10d ago on Sep 21, 2026· 12m 11s· 8 players
Game mode
Random Map
Map size
Large (8 player)
Population
200
Speed
Normal
Resources
Standard
Victory
Conquest
Starting age
Dark Age
Ending age
Imperial Age
RankedLock teamsTeams togetherTeam positionsShared explorationLock speedFull tech treeHidden civsTurbo modeCheats
Victory
Defeat
🇺🇸 Persians · United States
1699
+10
🇺🇸 Burmese · United States
1511
+17
🇺🇸 Britons · United States
1435
+20
🇺🇸 Malians · United States
1392
+22
🇲🇽 Inca · Mexico
1587
-19
1531
-17
🇺🇸 Malay · United States
1527
-17
🇲🇽 Persians · Mexico
1502
-16
NUBSINC
1:35 Loom
Lord Aubergine
11:28 Feudal Age
12:30 Horse Collar
JonnyTheMonkey
11:08 Feudal Age
14:50 Castle Age
sesquipedalia
5:10 Loom
10:23 Feudal Age
14:29 Castle Age
DS_Gabo
2:52 Loom
Obsky
11:14 Feudal Age
CTM | black forest best map
7:37 Loom
9:50 Feudal Age
9:35 Double-Bit Axe
9:32 Horse Collar
DSLGTCD
Connection lost

Rejoining the realm…

Still unreachable

The connection could not be restored.

Session expired

The server has moved on; the page needs a fresh start.